 Dungeon Crawl Stone Soup version 0.28-b1-25-g9875b3fc8c (webtiles) character file.

Game seed: 2386544666642707941

36375 mopl the Severer (level 13, -22/119 HPs)
             Began as a Minotaur Berserker on Feb 8, 2022.
             Was a High Priest of Trog.
             Annihilated by a boulder beetle (37 damage)
             ... on level 4 of the Lair of Beasts.
             The game lasted 00:19:17 (12124 turns).

mopl the Severer (Minotaur Berserker)              Turns: 12124, Time: 00:19:18

Health: -22/119    AC: 22    Str: 22    XL:     13   Next: 52%
Magic:  12/12      EV: 10    Int:  4    God:    Trog [*****.]
Gold:   806        SH:  0    Dex: 15    Spells: 12/12 levels left

rFire   . . .      SeeInvis +   g - +4 hand axe "Ywithaff" {vorpal, Drain rPois rCorr SInv}
rCold   . . .      Faith    .   (no shield)
rNeg    . . .      Spirit   .   x - +0 plate armour
rPois   +          Reflect  .   h - +2 hat
rElec   .          Harm     .   Q - +0 cloak
rCorr   +          Rampage  .   m - +2 pair of gloves
Will    .....                   (no boots)
Stlth   ..........              C - amulet of regeneration
HPRegen 1.09/turn               O - ring of see invisible
MPRegen 0.13/turn               (no ring)

@: no status effects
A: horns 2, retaliatory headbutt
a: Renounce Religion, Berserk, Trog's Hand, Brothers in Arms


You were on level 4 of the Lair of Beasts.
You worshipped Trog.
Trog was extremely pleased with you.
You visited 2 branches of the dungeon, and saw 15 of its levels.
You also visited: Bailey.

You collected 806 gold pieces.

Inventory:

Hand Weapons
 g - the +4 hand axe "Ywithaff" (weapon) {vorpal, Drain rPois rCorr SInv}
   (You found it on level 2 of the Dungeon)

   It inflicts extra damage upon your enemies.
   rPois:     It protects you from poison.
   SInv:      It lets you see invisible.
   rCorr:     It protects you from acid and corrosion.
   Drain:     It drains your maximum health when unequipped.
 B - a +0 battleaxe of venom
 J - a +2 vorpal executioner's axe
Missiles
 A - 17 poisoned darts
 G - a curare-tipped dart
 H - 18 boomerangs (quivered)
Armour
 h - a +2 hat (worn)
 m - a +2 pair of gloves (worn)
 x - a +0 plate armour (worn)
 Q - a +0 cloak (worn)
Jewellery
 r - a ring of fire
 C - an amulet of regeneration (around neck)
 O - a ring of see invisible (left hand)
Wands
 d - a wand of acid (3)
 f - a wand of polymorph (11)
 n - a wand of flame (19)
 t - a wand of iceblast (24)
 u - a wand of mindburst (12)
 P - a wand of digging (3)
Scrolls
 b - 2 scrolls of summoning
 c - 5 scrolls of fear {unknown}
 i - 3 scrolls of magic mapping
 k - 7 scrolls of teleportation {unknown}
 p - a scroll of holy word {unknown}
 s - 3 scrolls of brand weapon {unknown}
 v - 2 scrolls of fog {unknown}
 D - 2 scrolls of vulnerability {unknown}
 E - 4 scrolls of enchant armour {unknown}
 F - 3 scrolls of immolation
 I - 6 scrolls of blinking {unknown}
Potions
 a - a potion of mutation {!q}
 e - 6 potions of heal wounds
 j - 9 potions of curing
 l - 3 potions of flight
 o - 2 potions of invisibility
 q - 2 potions of ambrosia
 z - 3 potions of resistance
 L - a potion of haste
 S - 2 potions of lignification {!q}


   Skills:
 + Level 12.6 Fighting
 * Level 17.0 Axes
 + Level 7.0 Throwing
 + Level 12.3 Armour
 + Level 8.3 Dodging
 + Level 6.4 Evocations


You had 12 spell levels left.
You didn't know any spells.
Your spell library contained the following spells:

 Spells                   Type           Power      Damage    Failure   Level
 Ensorcelled Hibernation  Hex/Ice        0%         N/A       100%        2
 Passwall                 Tmut/Erth      0%         N/A       100%        2
 Swiftness                Air            0%         N/A       100%        3


Dungeon Overview and Level Annotations

Branches:
Dungeon (11/15)            Temple (0/1) D:6            Lair (4/6) D:8
  Snake (0/4) Lair:3          Orc (0/2) D:10         Bailey (visited)
  Swamp: Lair:2-4    Shoals: Lair:2-4

Altars:
Cheibriados
Elyvilon
Makhleb
Qazlal
Xom
Yredelemnul


Innate Abilities, Weirdness & Mutations

You have a pair of horns on your head.
You reflexively headbutt those who attack you in melee.


Message History

A boulder beetle is nearby!
What are your orders? t - Shout!
Orders for allies: a - Attack new target. r - Retreat! s - Stop attacking. g - Guard the area. f - Follow me.
Anything else - Cancel.
Gang up on whom?
Press: ? - help, Dir - move target, f - boulder beetle
Aim: a boulder beetle (ally target) Attack!
Your ogre hits the boulder beetle with a +0 giant club!!
The boulder beetle bites your ogre!
Your ogre hits the boulder beetle with a +0 giant club!
The boulder beetle bites your ogre!!
Your ogre dies!
Your ogre's corpse disappears in a puff of smoke!
The boulder beetle leaps!
The boulder beetle curls into a ball and begins rolling!
The boulder beetle closely misses you. You furiously retaliate!
You headbutt the boulder beetle, but do no damage.
The boulder beetle stops rolling and uncurls.
The boulder beetle closely misses you.
The boulder beetle bites you but does no damage.
The boulder beetle bites you!
The boulder beetle curls into a ball and begins rolling!
The boulder beetle hits you!!!
The boulder beetle stops rolling and uncurls.
The boulder beetle bites you but does no damage.
You feel yourself speed up.
Really walk into that dispersal trap?
You enter a dispersal trap!
The boulder beetle leaps!
You blink.
The boulder beetle curls into a ball and begins rolling!
The boulder beetle hits you!!!
* * * LOW HITPOINT WARNING * * *
The boulder beetle stops rolling and uncurls.
You recover from your berserk rage.
The boulder beetle curls into a ball and begins rolling!
The boulder beetle hits you!!!
You die...

### ##P# ############
...########..##.P##..######.
.............°.°....^.......
...(.......###○#○..........#
.###...PP..○####PB........##
.# ##..#...#.##.@......P..#
.# ##..##...B#.P...........#
.# #P..##...................
.# ##..##.########.#########
.. #.....#♣♣....♣.♣....♣♣
#...#.#♣....♣.♣.♣....♣#
#...#..#.....♣♣♣♣♣.....#
##...#.#♣....♣.♣.♣....♣#
.......#♣♣....♣○♣....♣♣


You could see a boulder beetle (rolling).

Vanquished Creatures
  Gastronok (Lair:1)
  An orc warlord (Bailey)
  10 hydras
  A boulder beetle (D:11)
  A two-headed ogre (D:10)
  A death yak (Lair:4)
  2 orc knights (Bailey)
  A manticore (D:9)
  5 cane toads
  3 black mambas
  A gargoyle (D:7)
  2 unseen horrors
  Psyche (D:10)
  An efreet (D:11)
  11 komodo dragons
  3 rime drakes
  A polar bear (Lair:2)
  4 trolls
  Prince Ribbit (Lair:1)
  A hornet (D:9)
  Grinder (D:6)
  7 blink frogs
  A spriggan (Lair:2)
  3 basilisks
  39 yaks
  A wyvern (Lair:1)
  A steam dragon (Lair:2)
  4 vampire mosquitoes (D:10)
  Menkaure (D:6)
  An acid dragon (D:11)
  7 nagas (Lair:3)
  9 water moccasins
  9 orc warriors
  A sky beast (D:4)
  2 black bears
  A hornet zombie (D:6)
  A necrophage (D:6)
  7 wolves (Lair:4)
  4 ogres
  4 centaurs
  3 kobold brigands
  A gnoll sergeant (D:11)
  6 bullfrogs
  3 scorpions
  2 water moccasin skeletons
  14 killer bees
  A wight (D:7)
  4 howler monkeys (D:8)
  A bullfrog zombie (D:5)
  4 centaur zombies
  A hound (D:4)
  A jelly (D:6)
  7 orc priests
  4 centaur skeletons
  Ijyb (D:4)
  4 iguanas
  10 orc wizards
  Terence (D:2)
  Robin (D:3)
  4 adders
  10 gnolls
  A shadow imp (D:6)
  3 white imps
  An ufetubus (D:3)
  2 adder skeletons
  A worm (D:3)
  32 orcs
  10 bats
  6 endoplasms
  6 giant cockroaches
  21 goblins
  12 hobgoblins
  6 quokkas
  10 ball pythons
  2 frilled lizards (D:3)
  30 kobolds
  7 rats
389 creatures vanquished.

Vanquished Creatures (collateral kills)
  A hydra (Lair:4)
1 creature vanquished.

Vanquished Creatures (others)
  4 fungi
  4 plants
8 creatures vanquished.

Grand Total: 398 creatures vanquished

Notes
Turn   | Place    | Note
-------+----------+-------------------------------------------
     0 | D:1      | mopl the Minotaur Berserker began the quest for the Orb.
     0 | D:1      | Reached XP level 1. HP: 19/19 MP: 0/0
   157 | D:1      | Reached skill level 4 in Axes
   167 | D:1      | Reached XP level 2. HP: 22/27 MP: 1/1
   392 | D:1      | Reached ** piety under Trog
   446 | D:1      | Reached skill level 4 in Fighting
   661 | D:1      | Found a faded altar of an unknown god.
   867 | D:2      | Noticed Terence
   879 | D:2      | Reached XP level 3. HP: 8/26 MP: 2/2
   879 | D:2      | Killed Terence
   880 | D:2      | Reached skill level 3 in Armour
  1281 | D:2      | Identified the +4 hand axe "Ywithaff" {vorpal, Drain rPois
                  | rCorr SInv}
  1682 | D:2      | Reached skill level 5 in Axes
  1682 | D:2      | Reached XP level 4. HP: 37/39 MP: 3/3
  1964 | D:3      | Found a basalt altar of Yredelemnul.
  1975 | D:3      | Found a shimmering altar of Xom.
  2055 | D:3      | Noticed Robin
  2062 | D:3      | Killed Robin
  2072 | D:3      | Reached *** piety under Trog
  2495 | D:3      | Reached XP level 5. HP: 47/47 MP: 4/4
  2659 | D:4      | Noticed Ijyb
  2668 | D:4      | Killed Ijyb
  2728 | D:4      | Noticed a sky beast
  2739 | D:4      | Killed a sky beast
  2740 | D:4      | Reached skill level 5 in Fighting
  2740 | D:4      | Reached skill level 6 in Axes
  2740 | D:4      | Reached skill level 4 in Armour
  2812 | D:4      | Reached XP level 6. HP: 52/56 MP: 5/5
  3467 | D:5      | Entered Level 5 of the Dungeon
  3467 | D:5      | Noticed a troll
  3471 | D:5      | Reached skill level 7 in Axes
  3475 | D:5      | Killed a troll
  3476 | D:5      | Reached skill level 6 in Fighting
  3476 | D:5      | Reached skill level 5 in Armour
  3476 | D:5      | Reached XP level 7. HP: 63/63 MP: 6/6
  3663 | D:5      | Reached skill level 8 in Axes
  3770 | D:5      | Found a stormy altar of Qazlal.
  3830 | D:5      | Found a white marble altar of Elyvilon.
  3865 | D:5      | Found a snail-covered altar of Cheibriados.
  4018 | D:6      | Reached skill level 6 in Armour
  4018 | D:6      | Reached XP level 8. HP: 71/71 MP: 7/7
  4073 | D:6      | Reached skill level 9 in Axes
  4105 | D:6      | Reached skill level 7 in Fighting
  4345 | D:6      | Found a staircase to the Ecumenical Temple.
  4446 | D:6      | Reached skill level 10 in Axes
  4556 | D:6      | Reached skill level 7 in Armour
  4678 | D:6      | Reached **** piety under Trog
  4908 | D:6      | Noticed Menkaure
  4911 | D:6      | Killed Menkaure
  5051 | D:6      | Noticed Grinder
  5052 | D:6      | Paralysed by Grinder for 4 turns
  5061 | D:6      | Killed Grinder
  5062 | D:6      | Reached skill level 8 in Fighting
  5062 | D:6      | Reached XP level 9. HP: 74/81 MP: 8/8
  5345 | D:7      | Reached skill level 11 in Axes
  5583 | D:7      | Reached skill level 8 in Armour
  5643 | D:7      | Noticed an unseen horror
  5652 | D:7      | Killed an unseen horror
  5870 | D:7      | Noticed a gargoyle
  5891 | D:7      | Reached skill level 12 in Axes
  5898 | D:7      | Killed a gargoyle
  5899 | D:7      | Reached skill level 9 in Fighting
  6059 | D:7      | Noticed a troll
  6064 | D:7      | Killed a troll
  6128 | D:8      | Reached skill level 9 in Armour
  6140 | D:8      | Reached XP level 10. HP: 80/91 MP: 9/9
  6178 | D:8      | Found a staircase to the Lair.
  6196 | D:8      | Reached ***** piety under Trog
  6265 | D:8      | Reached skill level 1 in Throwing
  6269 | D:8      | Reached skill level 1 in Evocations
  6272 | D:8      | Reached skill level 13 in Axes
  6390 | D:8      | Reached skill level 3 in Dodging
  6407 | D:8      | Reached skill level 2 in Throwing
  6887 | D:9      | Reached skill level 2 in Evocations
  6903 | D:9      | Reached skill level 10 in Fighting
  6903 | D:9      | You fall into a shaft and drop 1 floor!
  6903 | D:10     | Entered Level 10 of the Dungeon
  6950 | D:10     | Found a burning altar of Makhleb.
  7001 | D:10     | Found a flagged portal.
  7017 | Bailey   | Entered a bailey
  7022 | Bailey   | Noticed an orc warlord
  7066 | Bailey   | Noticed an orc knight
  7086 | Bailey   | Killed an orc knight
  7094 | Bailey   | Reached skill level 4 in Dodging
  7127 | Bailey   | Found a runed translucent gate.
  7128 | Bailey   | Found a runed translucent gate.
  7130 | Bailey   | Found a runed translucent gate.
  7144 | Bailey   | Noticed an orc knight
  7161 | Bailey   | Killed an orc knight
  7318 | Bailey   | Killed an orc warlord
  7319 | Bailey   | Reached skill level 3 in Throwing
  7319 | Bailey   | Reached skill level 10 in Armour
  7319 | Bailey   | Reached skill level 3 in Evocations
  7319 | Bailey   | Reached XP level 11. HP: 101/101 MP: 10/10
  7332 | Bailey   | Identified the +10 flail "Okkoloz" {vorpal, rC++ Int-2
                  | Dex+6}
  7343 | Bailey   | Acquired a +2 vorpal executioner's axe
  7379 | D:10     | Found a staircase to the Orcish Mines.
  7381 | D:10     | Noticed Psyche
  7394 | D:10     | Killed Psyche
  7395 | D:10     | Reached skill level 14 in Axes
  7628 | D:9      | Reached skill level 5 in Dodging
  7899 | D:10     | Reached skill level 4 in Throwing
  8044 | D:10     | Reached skill level 4 in Evocations
  8268 | D:10     | Noticed a two-headed ogre
  8297 | D:10     | Killed a two-headed ogre
  8298 | D:10     | Reached skill level 11 in Fighting
  8573 | D:11     | Received a gift from Trog
  8585 | D:11     | Reached skill level 15 in Axes
  8663 | D:11     | Noticed a boulder beetle
  8678 | D:11     | Killed a boulder beetle
  8700 | D:11     | Reached XP level 12. HP: 110/110 MP: 11/11
  9142 | Lair:1   | Entered Level 1 of the Lair of Beasts
  9142 | Lair:1   | Noticed a six-headed hydra
  9149 | D:8      | Killed a ten-headed hydra
  9150 | D:8      | Reached skill level 11 in Armour
  9150 | D:8      | Reached skill level 6 in Dodging
  9208 | Lair:1   | Reached skill level 5 in Throwing
  9319 | Lair:1   | Noticed Prince Ribbit
  9340 | Lair:1   | Killed Prince Ribbit
  9644 | Lair:1   | Reached skill level 5 in Evocations
  9774 | Lair:1   | Noticed Gastronok
  9799 | Lair:1   | Killed Gastronok
 10170 | Lair:2   | Reached skill level 7 in Dodging
 10215 | Lair:2   | Noticed an eight-headed hydra
 10233 | Lair:2   | Killed a 12-headed hydra
 10234 | Lair:2   | Reached skill level 16 in Axes
 10287 | Lair:2   | Reached skill level 6 in Throwing
 10345 | Lair:2   | Reached skill level 12 in Fighting
 10361 | Lair:2   | Noticed a six-headed hydra
 10369 | Lair:2   | Killed an 11-headed hydra
 10526 | Lair:2   | Noticed an eight-headed hydra
 10545 | Lair:2   | Killed a 16-headed hydra
 10636 | Lair:2   | Noticed an eight-headed hydra
 10658 | Lair:2   | Killed a 19-headed hydra
 10659 | Lair:2   | Reached XP level 13. HP: 49/118 MP: 12/12
 11018 | Lair:2   | Identified the +0 great mace "Ruank" {holy, rPois Dex+3}
 11192 | Lair:3   | Found a staircase to the Snake Pit.
 11214 | Lair:3   | Reached skill level 12 in Armour
 11219 | Lair:3   | Reached skill level 6 in Evocations
 11558 | Lair:3   | Reached skill level 8 in Dodging
 12072 | Lair:4   | Reached skill level 17 in Axes
 12086 | Lair:4   | Reached skill level 7 in Throwing
 12124 | Lair:4   | Annihilated by a boulder beetle

Illustrated notes

Levels and vault maps discovered:
D:1:      psy_arrival_radial01, layout_loops_cross,
          ebering_ecumenical_altar_box, minmay_close_crescents
D:2:      layout_loops_ring, uniq_terence
D:3:      layout_basic, amethyst_overflow_temple_binary, uniq_robin
D:4:      layout_cave_pods, chequers_serial_rivers_small_a, uniq_ijyb
D:5:      layout_cave_pools, grunt_qazlal_sundering,
          mainiacjoe_overflow_two_lobes
D:6:      layout_gridville, minmay_temple_entry_water_ring, uniq_grinder,
          uniq_menkaure
D:7:      minmay_chambers_of_fours, layout_rooms
D:8:      layout_rooms, lair_entry_dummy
D:9:      layout_basic
D:10:     layout_roguey, mainiacjoe_overflow_chevrons, orc_0_dummy,
          enter_bailey_3, uniq_psyche
D:11:     layout_basic
Lair:1:   layout_cave_pods, grunt_megastairs_3, uniq_prince_ribbit2,
          uniq_gastronok
Lair:2:   layout_loops_ring, nicolae_quartered_pool_medium,
          chequers_serial_rivers_small_3, grunt_forest_large_clearing_hut
Lair:3:   layout_chaotic_city, minmay_snake_entry_guardpost_large
Lair:4:   nzn_winding_woodlands_three_and_one [nzn_winding_woodlands_5x15_eye,
          nzn_winding_woodlands_5x15_split_checker,
          nzn_winding_woodlands_5x15_parted,
          nzn_winding_woodlands_center_triple_pond], layout_long_grid,
          minmay_shoals_entry_lonely_mermaid

Skill      XL: |  1  2  3  4  5  6  7  8  9 10 11 12 13 |
---------------+----------------------------------------+-----
Axes           | 4 5 6 7 8 10 12 13 15 16 17 | 17.0
Fighting       | 4 5 6 8 9 10 11 12 | 12.6
Armour         | 3 4 5 6 7 9 10 11 12 | 12.3
Throwing       | 3 4 6 7 |  7.0
Evocations     | 3 4 5 6 |  6.4
Dodging        | 4 5 7 8 |  8.3

Action                   |  1- 3 |  4- 6 |  7- 9 | 10-12 | 13-15 || total
-------------------------+-------+-------+-------+-------+-------++-------
Melee: Hand axe          |    85 |    93 |   204 |   632 |   193 ||  1207
       Headbutt          |    12 |    15 |    26 |   137 |    53 ||   243
       Punch             |       |     1 |     2 |    10 |     5 ||    18
Throw: Boomerang         |       |       |       |     1 |     8 ||     9
Invok: Berserk           |     1 |     3 |     5 |    15 |     5 ||    29
       Trog's Hand       |       |       |     1 |     2 |       ||     3
       Brothers in Arms  |       |       |       |       |     1 ||     1
  Use: Scroll            |       |       |       |    15 |       ||    15
Armor: Animal skin       |     6 |       |       |       |       ||     6
       Chain mail        |    31 |    44 |    10 |       |       ||    85
       Skin              |     2 |       |       |       |       ||     2
       Plate armour      |       |       |    75 |   328 |   155 ||   558
Dodge: Dodged            |    39 |    21 |    67 |   215 |   106 ||   448
